 Dungeon Crawl Stone Soup version 0.32-a0-868-g153ae1a8d6 (webtiles) character file.

Game seed: 16936384523097914052

5440 dcgchant the Frost Mage (level 10, -1/76 HPs)
             Began as a Gnoll Ice Elementalist on Mar 28, 2024.
             Was an Initiate of Gozag.
             Succumbed to a juvenile batsting beast's poison
             ... on level 9 of the Dungeon.
             The game lasted 00:21:51 (9547 turns).

dcgchant the Frost Mage (Gnoll Ice Elementalist)    Turns: 9547, Time: 00:21:52

Health: -1/76      AC: 11    Str:  7    XL:     10   Next: 68%
Magic:  2/21       EV: 15    Int: 20    God:    Gozag
Gold:   317        SH:  0    Dex: 18    Spells: 8/24 levels left

rFire   . . .        i - +3 mace (protect)
rCold   + . .        (no shield)
rNeg    . . .        J - +2 robe {rC+}
rPois   .            M - +2 hat {Will+}
rElec   .            q - +2 cloak {Will+}
rCorr   .            n - +0 pair of gloves
SInv    .            (no boots)
Will    +++..        (no amulet)
Stlth   ++++         e - +6 ring of dexterity
HPRegen 0.32/turn    (no ring)
MPRegen 0.17/turn

%: no passive effects
@: lethally poisoned (-1 -> -14), enlightened, flying, very slightly
contaminated, hasted, invisible, very quick
A: fangs 1, strong nose, distributed training
a: Renounce Religion, Potion Petition, Call Merchant, Bribe Branch


You were on level 9 of the Dungeon.
You worshipped Gozag.
Gozag was aware of your devotion.
You visited 2 branches of the dungeon, and saw 10 of its levels.

You collected 1688 gold pieces.
You spent 354 gold pieces at shops.
You paid 1017 gold pieces to Gozag.

Inventory:

Hand Weapons
 i - a +3 mace of protection (weapon)
 E - a +0 sling
Missiles
 d - 6 silver javelins
 s - 6 boomerangs
 x - 4 throwing nets
 y - 4 javelins
 F - 3 poisoned darts
Armour
 a - a +0 robe
 l - a +0 leather armour
 n - a +0 pair of gloves (worn)
 p - a +0 helmet
 q - a +2 cloak of willpower (worn)
 G - a +0 kite shield
 J - a +2 robe of cold resistance (worn)
 M - a +2 hat of willpower (worn)
Jewellery
 e - a +6 ring of dexterity (left hand)
 D - an amulet of guardian spirit
Wands
 m - a wand of iceblast (9)
 K - a wand of quicksilver (5)
Scrolls
 g - a scroll of silence {unknown}
 h - 3 scrolls of teleportation {unknown}
 j - 3 scrolls of vulnerability
 k - a scroll of poison {unknown}
 r - 2 scrolls of identify
 t - 2 scrolls of noise
 w - a scroll of summoning {unknown}
 B - a scroll of fog {unknown}
 C - a scroll of enchant weapon
 H - a scroll of amnesia {unknown}
 I - a scroll of immolation {unknown}
 L - a scroll of brand weapon {unknown}
Potions
 b - 2 potions of magic
 c - 2 potions of haste
 u - 2 potions of mutation
 v - a potion of brilliance
 z - 4 potions of attraction
 A - 3 potions of resistance


   Skills:
 + Level 5.7 Fighting
 + Level 5.7 Short Blades
 + Level 5.7 Long Blades
 + Level 5.7 Axes
 + Level 5.7 Maces & Flails
 + Level 5.7 Polearms
 + Level 5.7 Staves
 + Level 5.7 Ranged Weapons
 + Level 5.7 Throwing
 + Level 5.7 Armour
 + Level 7.4 Dodging
 + Level 7.1 Stealth
 + Level 5.7 Shields
 + Level 5.7 Unarmed Combat
 + Level 7.7 Spellcasting
 + Level 4.7 Conjurations
 + Level 4.7 Hexes
 + Level 4.7 Summonings
 + Level 4.7 Necromancy
 + Level 4.7 Translocations
 + Level 4.7 Fire Magic
 + Level 8.6 Ice Magic
 + Level 4.7 Air Magic
 + Level 4.7 Earth Magic
 + Level 4.7 Alchemy
 + Level 6.2 Invocations
 + Level 5.7 Evocations
 + Level 5.2 Shapeshifting


You had 8 spell levels left.
You knew the following spells:

 Your Spells              Type           Power      Damage    Failure   Level
a - Freeze                Ice            100%       1d10      1%          1
b - Frozen Ramparts       Ice            84%        1d13      1%          3
c - Ozocubu's Armour      Ice            42%        N/A       1%          3
d - Summon Ice Beast      Ice/Summ       34%        N/A       1%          3
e - Blink                 Tloc           52%        N/A       1%          2
f - Summon Blazeheart Go  Fire/Summ      26%        N/A       13%         4

Your spell library contained the following spells:

 Spells                   Type           Power      Damage    Failure   Level
 Summon Small Mammal      Summ           100%       N/A       1%          1
 Lesser Beckoning         Tloc           52%        N/A       1%          2
 Momentum Strike          Conj/Tloc      52%        3d9       1%          2
 Call Canine Familiar     Summ           26%        N/A       3%          3


Dungeon Overview and Level Annotations

Branches:
Dungeon (9/15)             Temple (1/1) D:6
   Lair: D:8-11         Orc: D:9-12

Altars:
Ashenzari
Cheibriados
Dithmenos
Elyvilon
Fedhas
Gozag
Hepliaklqana
Kikubaaqudgha
Makhleb
Nemelex Xobeh
Okawaru
Qazlal
Ru
Sif Muna
Trog
Uskayaw
Vehumet
Wu Jian
Yredelemnul
Zin
The Shining One

Shops:
D:2 (   D:9 :


Innate Abilities, Weirdness & Mutations

You have very sharp teeth.
Your uncanny sense of smell can sniff out nearby items.
Your experience applies equally to all skills.


Message History

* * * LOW HITPOINT WARNING * * *
You feel very sick.
Your blazeheart golem's core flares to life once more.
The nameless horror closely misses you.
The nameless horror completely misses you.
Your blazeheart golem punches the nameless horror.
The larval firebat beast breathes flames at you.
The blast of flame hits you.
* * * LOW HITPOINT WARNING * * *
Unknown command. [a] - 345 gold - resistance and enlightenment [b] - 960 gold - haste, resistance, brilliance and magic [c] - 450 gold - haste and enlightenment Purchase which effect?
You no longer have enough gold to petition Gozag for potion effects.
You feel yourself speed up.
You feel very buoyant.
You fly up into the air.
* * * LOW HITPOINT WARNING * * *
You feel very sick.
The juvenile batsting beast stings you from afar.
* * * LOW HITPOINT WARNING * * *
The juvenile batsting beast stings you but does no damage.
The nameless horror hits you.
* * * LOW HITPOINT WARNING * * *
You feel your power leaking away.
The nameless horror hits your blazeheart golem but does no damage.
Unknown command.
Unknown command.
Okay, then.
It was a potion of enlightenment.
You feel more buoyant.
* * * LOW HITPOINT WARNING * * *
You feel very sick.
The juvenile batsting beast stings you but does no damage. x2
Unknown command.
It was a potion of invisibility.
You fade into invisibility!
You die...
Your body crumbles into a pile of gold.

....... .#....} .......
....... #..... .......
#...# ..... ...# ..
###.#.. .. ...# ....#
#....#.... ...####....#
#HHH....# ...........#
##X.# ...........##
#9@X###
............###.....####
..............H........##
........................#
.......................##
......................##
..................#.###
....#....#.......##...##
....##..##.......#.....#


You could see 4 mutant beasts, 2 nameless horrors and a friendly blazeheart
golem (summoned).

Vanquished Creatures
  Gastronok (D:8)
  Pikel (D:8)
  A hornet (D:9)
  A troll (D:9)
  Prince Ribbit (D:7)
  2 wyverns (D:9)
  A wraith (D:7)
  A steam dragon (D:9)
  A water moccasin (D:5)
  2 orc warriors
  2 ogres (D:5)
  A sky beast (D:7)
  A black bear (D:8)
  A centaur (D:5)
  2 phantoms (D:5)
  4 lemures (D:8)
  A bullfrog (D:8)
  A gnoll sergeant (D:5)
  A water moccasin zombie (D:5)
  3 scorpions
  3 wights (D:9)
  3 water moccasin skeletons (D:5)
  5 killer bees (D:9)
  3 howler monkeys
  A bullfrog zombie (D:5)
  A bombardier beetle (D:5)
  7 hounds
  3 orc priests
  A gnoll bouda (D:8)
  Crazy Yiuf (D:2)
  A sleepcap (D:7)
  3 iguanas
  8 orc wizards
  A scorpion zombie (D:5)
  9 adders
  13 gnolls
  2 shadow imps (D:6)
  3 white imps
  A dart slug (D:2)
  A ribbon worm (D:2)
  22 orcs
  7 ball pythons
  5 bats
  6 endoplasms
  3 giant cockroaches
  4 goblins
  11 hobgoblins
  3 jackals (D:3)
  5 kobolds
  3 quokkas
  2 frilled lizards
  8 rats
178 creatures vanquished.

Vanquished Creatures (collateral kills)
  A centaur (D:9)
1 creature vanquished.

Vanquished Creatures (others)
  4 orcs (D:9)
4 creatures vanquished.

Grand Total: 183 creatures vanquished

Notes
Turn   | Place    | Note
-------+----------+-------------------------------------------
     0 | D:1      | dcgchant the Gnoll Ice Elementalist began the quest for the
                  | Orb.
     0 | D:1      | Reached XP level 1. HP: 13/13 MP: 6/6
    85 | D:1      | You fall into a shaft and drop 1 floor!
    95 | D:2      | Found an opulent altar of Gozag.
   122 | D:2      | Reached XP level 2. HP: 19/19 MP: 1/7
   798 | D:2      | Became a worshipper of Gozag Ym Sagoz the Greedy
   878 | D:1      | Reached skill level 5 in Spellcasting
   878 | D:1      | Reached XP level 3. HP: 25/25 MP: 7/9
  1271 | D:2      | Found Kaziheq's Weapon Shop.
  1370 | D:2      | Reached skill level 1 in Invocations
  1464 | D:2      | Reached skill level 1 in Fighting
  1464 | D:2      | Reached skill level 1 in Short Blades
  1464 | D:2      | Reached skill level 1 in Long Blades
  1464 | D:2      | Reached skill level 1 in Axes
  1464 | D:2      | Reached skill level 1 in Maces & Flails
  1464 | D:2      | Reached skill level 1 in Polearms
  1464 | D:2      | Reached skill level 1 in Staves
  1464 | D:2      | Reached skill level 1 in Ranged Weapons
  1464 | D:2      | Reached skill level 1 in Throwing
  1464 | D:2      | Reached skill level 1 in Armour
  1464 | D:2      | Reached skill level 1 in Shields
  1464 | D:2      | Reached skill level 1 in Unarmed Combat
  1464 | D:2      | Reached skill level 1 in Evocations
  1534 | D:2      | Learned a level 3 spell: Frozen Ramparts
  1538 | D:2      | Learned a level 3 spell: Ozocubu's Armour
  1825 | D:2      | Reached skill level 1 in Shapeshifting
  1825 | D:2      | Reached XP level 4. HP: 32/32 MP: 8/11
  1961 | D:2      | Found a runed translucent door.
  1962 | D:2      | Noticed Crazy Yiuf
  1970 | D:2      | Killed Crazy Yiuf
  1971 | D:2      | Reached skill level 1 in Conjurations
  1971 | D:2      | Reached skill level 1 in Hexes
  1971 | D:2      | Reached skill level 1 in Summonings
  1971 | D:2      | Reached skill level 1 in Necromancy
  1971 | D:2      | Reached skill level 1 in Translocations
  1971 | D:2      | Reached skill level 1 in Fire Magic
  1971 | D:2      | Reached skill level 1 in Air Magic
  1971 | D:2      | Reached skill level 1 in Earth Magic
  1971 | D:2      | Reached skill level 1 in Alchemy
  2339 | D:3      | Reached XP level 5. HP: 37/37 MP: 9/12
  2851 | D:4      | Found a white marble altar of Elyvilon.
  2889 | D:4      | Reached XP level 6. HP: 44/44 MP: 4/13
  3171 | D:4      | Found an ancient bone altar of Kikubaaqudgha.
  3181 | D:4      | Reached skill level 5 in Dodging
  3921 | D:5      | Entered Level 5 of the Dungeon
  3921 | D:5      | Found Zin's Purification Station.
  3923 | D:5      | Found a glowing silver altar of Zin.
  3928 | D:5      | Bought a potion of curing for 90 gold pieces
  4026 | D:5      | Reached XP level 7. HP: 42/50 MP: 5/15
  4371 | D:5      | Reached skill level 5 in Stealth
  4568 | D:5      | Reached XP level 8. HP: 53/58 MP: 10/16
  4629 | D:5      | Learned a level 3 spell: Summon Ice Beast
  4689 | D:5      | Found an opulent altar of Gozag.
  5286 | D:5      | Found an iron altar of Okawaru.
  5295 | D:5      | Found a stormy altar of Qazlal.
  5670 | D:6      | Reached XP level 9. HP: 39/65 MP: 0/18
  5855 | D:6      | Found a staircase to the Ecumenical Temple.
  5864 | Temple   | Entered the Ecumenical Temple
  6195 | D:6      | Found a shadowy altar of Dithmenos.
  6904 | D:7      | Reached skill level 8 in Ice Magic
  7063 | D:7      | Noticed Prince Ribbit
  7068 | D:7      | Killed Prince Ribbit
  8148 | D:8      | Reached skill level 5 in Invocations
  8282 | D:8      | Noticed Pikel
  8297 | D:8      | Killed Pikel
  8600 | D:8      | Noticed Gastronok
  8618 | D:8      | Killed Gastronok
  8619 | D:8      | Reached skill level 5 in Fighting
  8619 | D:8      | Reached skill level 5 in Short Blades
  8619 | D:8      | Reached skill level 5 in Long Blades
  8619 | D:8      | Reached skill level 5 in Axes
  8619 | D:8      | Reached skill level 5 in Maces & Flails
  8619 | D:8      | Reached skill level 5 in Polearms
  8619 | D:8      | Reached skill level 5 in Staves
  8619 | D:8      | Reached skill level 5 in Ranged Weapons
  8619 | D:8      | Reached skill level 5 in Throwing
  8619 | D:8      | Reached skill level 5 in Armour
  8619 | D:8      | Reached skill level 5 in Shields
  8619 | D:8      | Reached skill level 5 in Unarmed Combat
  8619 | D:8      | Reached skill level 5 in Evocations
  8619 | D:8      | Reached XP level 10. HP: 71/74 MP: 9/21
  8959 | D:8      | Found a radiant altar of Vehumet.
  9201 | D:9      | Reached skill level 5 in Shapeshifting
  9457 | D:9      | Bought a book of Callings for 264 gold pieces
  9481 | D:9      | Learned a level 2 spell: Blink
  9486 | D:9      | Learned a level 4 spell: Summon Blazeheart Golem
  9534 | D:9      | Noticed a juvenile batsting beast
  9546 | D:9      | HP: 1/76 [poisoned by a juvenile batsting beast]
  9547 | D:9      | Succumbed to a juvenile batsting beast's poison

Illustrated notes

Levels and vault maps discovered:
D:1:      spicycebolla_arrival_risky_transporter, layout_loops_ring
D:2:      layout_loops_ring, serial_shops, shop, basic_altar,
          chequers_serial_rivers_micro_d, nrook_mini_vaults,
          minmay_misc_feat_rugged, minmay_tripent, uniq_crazy_yiuf_cottage
D:3:      layout_basic
D:4:      layout_basic, mainiacjoe_overflow_alcove_1,
          mainiacjoe_overflow_concentric_impassable
D:5:      layout_gridville, grunt_gozag_breadcrumbs,
          amethyst_overflow_temple_binary, zin_purify, serial_undead,
          serial_undead_c, serial_undead_c, serial_undead_a, serial_undead_b,
          lightli_minifort
D:6:      layout_basic, nicolae_dithmenos_shadow_blocks,
          minmay_temple_entry_statues_fountains, nicolae_kite_square_tiling_tiny
D:7:      layout_loops_corners, uniq_prince_ribbit1
D:8:      layout_basic, mainiacjoe_overflow_alcove_2, uniq_pikel, uniq_gastronok
D:9:      layout_cave_pools, nicolae_beast_mode
Temple:   nicolae_temple_ecumenical_triangle

Skill      XL: |  1  2  3  4  5  6  7  8  9 10 |
---------------+-------------------------------+-----
Spellcasting   | 5 6 7 |  7.7
Invocations    | 1 2 3 4 5 6 |  6.2
Fighting       | 1 2 3 5 |  5.7
Short Blades   | 1 2 3 5 |  5.7
Long Blades    | 1 2 3 5 |  5.7
Axes           | 1 2 3 5 |  5.7
Maces & Flails | 1 2 3 5 |  5.7
Polearms       | 1 2 3 5 |  5.7
Staves         | 1 2 3 5 |  5.7
Ranged Weapons | 1 2 3 5 |  5.7
Throwing       | 1 2 3 5 |  5.7
Armour         | 1 2 3 5 |  5.7
Shields        | 1 2 3 5 |  5.7
Unarmed Combat | 1 2 3 5 |  5.7
Evocations     | 1 2 3 5 |  5.7
Shapeshifting  | 1 2 3 4 5 |  5.2
Conjurations   | 1 2 3 4 |  4.7
Hexes          | 1 2 3 4 |  4.7
Summonings     | 1 2 3 4 |  4.7
Necromancy     | 1 2 3 4 |  4.7
Translocations | 1 2 3 4 |  4.7
Fire Magic     | 1 2 3 4 |  4.7
Air Magic      | 1 2 3 4 |  4.7
Earth Magic    | 1 2 3 4 |  4.7
Alchemy        | 1 2 3 4 |  4.7
Dodging        | 5 6 7 |  7.4
Stealth        | 5 6 7 |  7.1
Ice Magic      | 8 |  8.6

Action                     |  1- 3 |  4- 6 |  7- 9 | 10-12 || total
---------------------------+-------+-------+-------+-------++-------
  Melee: Unarmed           |     3 |       |       |       ||     3
         Mace              |    23 |    30 |   238 |    48 ||   339
         Bite              |     1 |     4 |    39 |     6 ||    50
  Throw: Boomerang         |       |     5 |       |       ||     5
   Cast: Freeze            |    40 |    66 |    74 |     1 ||   181
         Frozen Ramparts   |       |     7 |    19 |     6 ||    32
         Ozocubu's Armour  |       |     8 |    30 |     5 ||    43
         Summon Ice Beast  |       |       |       |     2 ||     2
         Summon Blazeheart |       |       |       |     1 ||     1
 Invoke: Potion Petition   |       |       |       |     2 ||     2
         Call Merchant     |       |       |       |     1 ||     1
    Use: Scroll            |       |     1 |     4 |     2 ||     7
         Potion            |       |       |       |     9 ||     9
   Stab: Sleeping          |     8 |     1 |     4 |       ||    13
         Distracted        |       |       |     1 |       ||     1
 Armour: Robe              |    17 |    61 |   165 |   133 ||   376
         Leather armour    |       |       |    38 |       ||    38
  Dodge: Dodged            |    28 |    63 |   248 |   145 ||   484

Table legend: (Time is in decaauts)
 A = Elapsed time spent in this place.
 B = Non-inter-level travel time spent in this place.
 C = Inter-level travel time spent in this place.
 D = Time resting spent in this place.
 E = Time spent auto-exploring this place.
 F = Levels seen in this place.
 G = Mean time per level.
                   A        B        C        D        E       F      G
               +--------+--------+--------+--------+--------+-----+--------+
         Total |   9628 |   8978 |    650 |      0 |   7488 |  10 |  962.8 |
       Dungeon |   9626 |   8976 |    650 |      0 |   7488 |   9 | 1069.6 |
        Temple |      1 |      1 |      0 |      0 |      0 |   1 |    1.0 |
               +--------+--------+--------+--------+--------+-----+--------+

Top non-repeatable levels by time:
     D:5: 1845 daAuts
     D:2: 1338 daAuts
     D:7: 1188 daAuts
     D:4: 1113 daAuts
     D:6: 1099 daAuts
     D:8: 1093 daAuts
     D:1: 891 daAuts
     D:3: 596 daAuts
     D:9: 460 daAuts
  Temple: 1 daAuts
